 Dungeon Sprint DCSS version 0.20.0-15-g7f486f2 (webtiles) character file.

9259 equalderp2856 the Eviscerator (level 11, -8/55 HPs)
             Began as a Felid Fighter on June 26, 2017.
             Was an Initiate of Gozag.
             Splashed by an acid blob's acid (12 damage)
             ... created by the Royal Jelly
             ... in the Dungeon (Sprint VII: "The Pits").
             The game lasted 00:38:13 (8341 turns).

equalderp2856 the Eviscerator (Felid Fighter)       Turns: 8341, Time: 00:38:13

Health: -8/55      AC: -5    Str: 13    XL:     11   Next: 20%
Magic:  12/12      EV: 35    Int: 15    God:    Gozag
Gold:   2847       SH:  0    Dex: 20    Spells: 10/10 levels left
                                        Lives:  0   Deaths: 3

rFire    . . .     SeeInvis +     - Unarmed
rCold    + . .     Gourm    .   (shield unavailable)
rNeg     . . .     Faith    .   (armour unavailable)
rPois    .         Spirit   .   (helmet unavailable)
rElec    .         Reflect  .   (cloak unavailable)
rCorr    .         Harm     .   (gloves unavailable)
MR       +....     NoTele   +   (boots unavailable)
Stlth    ++++++++..             (no amulet)
Regen    0.2/turn               a - +3 ring of intelligence
MPRegen  0.2/turn               e - +3 ring of dexterity

@: corroded, studying Summonings, quick
A: no armour, no weapons or thrown items, stealth, claws 1, fangs 3, see
invisible, carnivore 3, speed 1, shaggy fur 3, slow metabolism 1, sharp paws
a: Potion Petition, Call Merchant, Bribe Branch, Renounce Religion


You were in the Dungeon.
You worshipped Gozag.
Gozag was most pleased with you.
You were not hungry.

You visited 1 branch You collected 18279 gold pieces.
You paid 15432 gold pieces to Gozag.

Inventory:

Jewellery
 a - a +3 ring of intelligence (left paw)
 e - a +3 ring of dexterity (right paw)
 q - the amulet "Argha" {Spirit rC+}
   (You found it in the Dungeon)

   [amulet of guardian spirit]

   It causes incoming damage to be split between your health and magic.
   It protects you from cold.
 r - the amulet "Teip" {+Rage rN+}
   (You found it in the Dungeon)

   [amulet of rage]

   It protects you from negative energy.
   It lets you go berserk.
 t - the ring of Monotheism {+Fly rPois rF+++ rC- SInv}
   (You found it in the Dungeon)

   [ring of see invisible]

   It renders you almost immune to fire.
   It makes you vulnerable to cold.
   It protects you from poison.
   It lets you see invisible.
   It lets you fly.
 u - the ring of the Burgomaster {+Blink Str+6 Int-4 Slay+4 Stlth+}
   (You found it in the Dungeon)

   [ring of strength]

   It affects your strength (+6).
   It affects your intelligence (-4).
   It affects your accuracy and damage with ranged weapons and melee attacks
   (+4).
   It lets you blink.
   It makes you more stealthy.
 v - the ring of Zubbamuli {Ice rN+ Int+3}
   (You found it in the Dungeon)

   [ring of ice]

   It enhances your ice magic.
   It affects your intelligence (+3).
   It makes you vulnerable to fire.
   It protects you from cold.
   It protects you from negative energy.
 y - the ring "Ymeoxkim" {rElec MR+++ MP+9 Slay+5}
   (You found it in the Dungeon)

   [ring of slaying]

   It affects your accuracy and damage with ranged weapons and melee attacks
   (+5).
   It insulates you from electricity.
   It affects your resistance to hostile enchantments.
   It affects your magic capacity (+9).
 D - the ring of Iddodd {rPois rF- MR+++ Str+6 Dex-3}
   (You found it in the Dungeon)

   [ring of strength]

   It affects your strength (+6).
   It affects your dexterity (-3).
   It makes you vulnerable to fire.
   It protects you from poison.
   It affects your resistance to hostile enchantments.
 E - the amulet of the Duchess {Spirit rElec rPois rF+}
   (You found it in the Dungeon)

   [amulet of guardian spirit]

   It causes incoming damage to be split between your health and magic.
   It protects you from fire.
   It insulates you from electricity.
   It protects you from poison.
 F - the amulet of the Scarab {Faith rPois}
   (You found it in the Dungeon)

   [amulet of faith]

   It allows you to gain divine favour quickly.
   It protects you from poison.
 G - the amulet "Loixim" {*Corrode +Rage rF+ Str+4}
   (You found it in the Dungeon)

   [amulet of rage]

   It affects your strength (+4).
   It protects you from fire.
   It lets you go berserk.
   It may corrode you when you take damage.
 H - the ring of the Traitor {MP+9 Int+4 Stlth-}
   (You found it in the Dungeon)

   [ring of loudness]

   It affects your intelligence (+4).
   It affects your magic capacity (+9).
   It makes you less stealthy.
 I - the ring "Qakkest" {Int+4 SInv}
   (You found it in the Dungeon)

   [ring of see invisible]

   It affects your intelligence (+4).
   It lets you see invisible.
 K - the amulet "Futzus" {Spirit rPois Stlth+}
   (You found it in the Dungeon)

   [amulet of guardian spirit]

   It causes incoming damage to be split between your health and magic.
   It protects you from poison.
   It makes you more stealthy.
 L - the amulet "Womant" {+Rage rPois Dex+4}
   (You found it in the Dungeon)

   [amulet of rage]

   It affects your dexterity (+4).
   It protects you from poison.
   It lets you go berserk.
 M - the ring "Qeukead" {Str+6 Dex+3}
   (You found it in the Dungeon)

   [ring of strength]

   It affects your strength (+6).
   It affects your dexterity (+3).
 O - the ring "Dicesso" {rPois rF+++ rC+ Str-3 Stlth+}
   (You found it in the Dungeon)

   [ring of poison resistance]

   It affects your strength (-3).
   It renders you almost immune to fire.
   It protects you from cold.
   It protects you from poison.
   It makes you more stealthy.
Wands
 p - a wand of confusion (34/48)
Scrolls
 j - 3 scrolls of remove curse
 k - 5 scrolls of amnesia
Potions
 c - a potion of curing
 d - 4 potions of heal wounds
 f - 4 potions of magic
 g - 3 potions of berserk rage
 i - 2 potions of invisibility
 m - a potion of brilliance
 o - 5 potions of haste
Books
 n - a manual of Summonings
 s - the Volume of Dusty Execration
   (You found it in the Dungeon)

   Spells                             Type                      Level
   a - Confusing Touch                Hexes                        1
   b - Corona                         Hexes                        1
   c - Cause Fear                     Hexes                        4
   d - Statue Form                    Transmutation/Earth          6
   e - Discord                        Hexes                        8
 w - a book of Debilitation

   Spells                             Type                      Level
   a - Corona                         Hexes                        1
   b - Slow                           Hexes                        2
   c - Inner Flame                    Hexes/Fire                   3
   d - Portal Projectile              Hexes/Translocation          3
   e - Cause Fear                     Hexes                        4
   f - Leda's Liquefaction            Hexes/Earth                  4
 x - a book of Power

   Spells                             Type                      Level
   a - Iskenderun's Battlesphere      Conjuration/Charms           5
   b - Venom Bolt                     Conjuration/Poison           5
   c - Bolt of Magma                  Conjuration/Fire/Earth       5
   d - Iron Shot                      Conjuration/Earth            6
   e - Orb of Destruction             Conjuration                  7
   f - Spellforged Servitor           Conjuration/Summoning        7
 z - a Grand Grimoire

   Spells                             Type                      Level
   a - Monstrous Menagerie            Summoning                    7
   b - Summon Greater Demon           Summoning                    7
   c - Malign Gateway                 Summoning/Translocation      7
   d - Summon Horrible Things         Summoning                    8
 A - Qatietzos's Tome of Vitriolic Black Arts
   (You found it in the Dungeon)

   Spells                             Type                      Level
   a - Sting                          Conjuration/Poison           1
   b - Animate Skeleton               Necromancy                   1
   c - Pain                           Necromancy                   1
   d - Poisonous Vapours              Poison/Air                   2
   e - Regeneration                   Charms/Necromancy            3
   f - Venom Bolt                     Conjuration/Poison           5
   g - Cigotuvi's Embrace             Necromancy                   5
 B - Lour's Handbook of Moulding and Poison
   (You found it in the Dungeon)

   Spells                             Type                      Level
   a - Poisonous Vapours              Poison/Air                   2
   b - Irradiate                      Conjuration/Transmutation    5
 C - the Almanac of Activism
   (You found it in the Dungeon)

   Spells                             Type                      Level
   a - Regeneration                   Charms/Necromancy            3
   b - Control Undead                 Necromancy                   4
   c - Agony                          Necromancy                   5
   d - Death Channel                  Necromancy                   6
 J - a book of Death

   Spells                             Type                      Level
   a - Corpse Rot                     Necromancy                   2
   b - Sublimation of Blood           Necromancy                   2
   c - Agony                          Necromancy                   5
   d - Dispel Undead                  Necromancy                   5
   e - Excruciating Wounds            Charms/Necromancy            5
   f - Bolt of Draining               Conjuration/Necromancy       5
 N - a Fen Folio

   Spells                             Type                      Level
   a - Corpse Rot                     Necromancy                   2
   b - Stone Arrow                    Conjuration/Earth            3
   c - Leda's Liquefaction            Hexes/Earth                  4
   d - Summon Forest                  Summoning/Translocation      5
   e - Hydra Form                     Transmutation                6
   f - Summon Hydra                   Summoning                    7
 P - a book of Burglary

   Spells                             Type                      Level
   a - Swiftness                      Charms/Air                   2
   b - Passwall                       Transmutation/Earth          2
   c - Passage of Golubria            Translocation                4
   d - Lee's Rapid Deconstruction     Earth                        5
   e - Darkness                       Hexes                        6
   f - Invisibility                   Hexes                        6
 Q - a book of Beasts

   Spells                             Type                      Level
   a - Summon Butterflies             Summoning                    1
   b - Call Canine Familiar           Summoning                    3
   c - Summon Ice Beast               Ice/Summoning                4
   d - Summon Mana Viper              Hexes/Summoning              5
   e - Summon Hydra                   Summoning                    7
 R - a book of Beasts

   Spells                             Type                      Level
   a - Summon Butterflies             Summoning                    1
   b - Call Canine Familiar           Summoning                    3
   c - Summon Ice Beast               Ice/Summoning                4
   d - Summon Mana Viper              Hexes/Summoning              5
   e - Summon Hydra                   Summoning                    7
 S - a book of Changes

   Spells                             Type                      Level
   a - Beastly Appendage              Transmutation                1
   b - Sticks to Snakes               Transmutation                2
   c - Spider Form                    Transmutation/Poison         3
   d - Ice Form                       Ice/Transmutation            4
   e - Blade Hands                    Transmutation                5
 U - the Grimoire of Unholy Enhancements
   (You found it in the Dungeon)

   Spells                             Type                      Level
   a - Pain                           Necromancy                   1
   b - Swiftness                      Charms/Air                   2
   c - Song of Slaying                Charms                       2
   d - Animate Dead                   Necromancy                   4
   e - Agony                          Necromancy                   5
   f - Deflect Missiles               Charms/Air                   6
Comestibles
 b - 7 meat rations
 T - 12 royal jellies


   Skills:
 + Level 10.6 Fighting
 + Level 18.6 Dodging
 + Level 20.1 Stealth
 + Level 24.4 Unarmed Combat


You had 10 spell levels left.
You didn't know any spells.

Dungeon Overview and Level Annotations

Branches:
Dungeon (1/1)

Altars:
Ashenzari
Cheibriados
Dithmenos
Elyvilon
Fedhas
Gozag
Hepliaklqana
Kikubaaqudgha
Makhleb
Nemelex Xobeh
Okawaru
Qazlal
Ru
Sif Muna
Trog
Uskayaw
Vehumet
Xom
Yredelemnul
Zin
The Shining One
Beogh
Jiyva
Lugonu

Annotations:
D Dispater, Dissolution, Royal Jelly


Innate Abilities, Weirdness & Mutations

You cannot wear armour.
You are incapable of wielding weapons or throwing items.
Your paws allow you to move quietly. (Stealth)
You have sharp claws.
You have razor-sharp teeth.
You have supernaturally acute eyesight. (SInv)
You are carnivorous and can eat meat at any time.
You cover ground quickly.
Your thick and shaggy fur keeps you warm. (AC +3, rC+)
You have a slow metabolism.
Your sharp claws are effective at attacking unaware monsters.


Message History

You rejoin the land of the living...
There is a huge open gate to the Main Hall (Safe) here.
A blink frog comes into view.
The hell knight shouts!
The acid blob spits acid at you. The splash of acid hits you!
The acid corrodes you!
You are splashed with acid!
The acid burns!
The blink frog moves out of view.
There is a huge open gate to the Grid Vault (Hard) here.
You see here 36 gold pieces.
There is a huge open gate to the Main Hall (Safe) here.
The acid blob spits acid at you. The splash of acid hits you!
The acid corrodes you!
You are splashed with acid!
The acid burns!
* * * LOW HITPOINT WARNING * * *
The acid blob spits acid at you. The splash of acid hits you!
* * * LOW HITPOINT WARNING * * *
The acid corrodes you!
You are splashed with acid!
The acid burns!
You die...
Your body crumbles into a pile of gold.

.'..$...# ##+.##
#.$#.######..## #.$.##........
#..$##........ ##..''..#....#
#..''..J..... #####).......
#######################..#.)..#
#............[@.....J'$p.......
#...)................''........
#..###)############.)##..#)...#
#..##.#.#)#.#.#.#.#..##........
#).#)#.#)#}#.#.#.##..##........
#.)##|#.#.#.#.#)#.#..####''####
#()#.#.#.#)#%#.#.##..####''####
#.(##.#.#.#[#.#.#.#..##......##
#..################..##.#'##.##


You could see an acid blob.

Vanquished Creatures
  2 pearl dragons (D)
  An azure jelly (D)
  A balrug (D)
  2 ghost moths (D)
  A naga warrior (D)
  An alligator snapping turtle (D)
  A death yak (D)
  An orc high priest (D)
  A spriggan druid (D)
  A death drake (D)
  An unseen horror (D)
  A deep elf mage (D)
  A phantasmal warrior (D)
  3 orc knights (D)
  A manticore (D)
  An ugly thing (D)
  A salamander (D)
  A yaktaur (D)
  A kobold demonologist (D)
  A demonic crawler (D)
  2 freezing wraiths (D)
  A guardian mummy (D)
  A hellwing (D)
  A jumping spider (D)
  A blink frog (D)
  A shadow (D)
  A tarantella (D)
  5 redbacks (D)
  A fire bat (D)
  4 yaks (D)
  A chaos spawn (D)
  3 floating eyes (D)
  2 swamp drakes (D)
  4 orc warriors (D)
  A necrophage (D)
  A phantom (D)
  A black bear (D)
  2 big kobolds (D)
  A scorpion (D)
  2 small abominations (D)
  5 wights (D)
  2 crimson imps (D)
  A quasit (D)
  An orc priest (D)
  3 orc wizards (D)
  2 hell rats (D)
  A mummy (D)
  An ufetubus (D)
  2 oozes (D)
  An adder skeleton (D)
  A worm (D)
  A leopard gecko (D)
  3 orcs (D)
  A ball python (D)
  A bat skeleton (D)
  A bat zombie (D)
  A goblin (D)
  2 hobgoblins (D)
  3 jackals (D)
  A bat simulacrum (D)
  A frilled lizard (D)
  5 kobolds (D)
100 creatures vanquished.

Vanquished Creatures (collateral kills)
  A greater mummy (D)
  Margery (D)
  A pearl dragon (D)
  Frances (D)
  A shadow dragon (D)
  A deep elf sorcerer (D)
  An iron dragon (D)
  Louise (D)
  A yellow draconian (D)
  A dire elephant (D)
  2 deep elf annihilators (D)
  2 black draconians (D)
  A purple draconian (D)
  A deep elf death mage (D)
  2 green deaths (D)
  A deep elf high priest (D)
  A hydra (D)
  An ice dragon (D)
  A death knight (D)
  A merfolk avatar (D)
  A merfolk aquamancer (D)
  2 catoblepae (D)
  A death yak (D)
  A hell knight (D)
  A wizard (D)
  A lindwurm (D)
  An ugly thing (D)
  A deep elf mage (D)
  An elephant (D)
  A naga mage (D)
  A guardian serpent (D)
  A wolf (D)
  A merfolk (D)
  A hippogriff (D)
  2 water elementals (D)
  A tarantella (D)
  4 redbacks (D)
  2 fire elementals (D)
  An acid dragon (D)
  3 killer bees (D)
  An orc (D)
  A crawling corpse (D)
53 creatures vanquished.

Vanquished Creatures (others)
  4 orbs of fire (D)
  An ancient lich (D)
  Boris (D)
  A greater mummy (D)
  Frederick (D)
  A Killer Klown (D)
  A golden dragon (D)
  4 liches (D)
  A pandemonium lord (D)
  2 tentacled monstrosities (D)
  A Brimstone Fiend (D)
  Rupert (D)
  4 Orb Guardians (D)
  A titan (D)
  A quicksilver dragon (D)
  A deep elf master archer (D)
  A sphinx (D)
  2 deep elf blademasters (D)
  4 acid blobs (D)
  Polyphemus (D)
  Gastronok (D)
  Donald (D)
  4 nagarajas (D)
  An azure jelly (D)
  3 draconian monks (D)
  A fire giant (D)
  A frost giant (D)
  An iron dragon (D)
  2 deep elf sorcerers (D)
  2 orc warlords (D)
  A ghost moth (D)
  A draconian knight (D)
  A draconian scorcher (D)
  3 balrugs (D)
  A cacodemon (D)
  Aizul (D)
  A draconian stormcaller (D)
  A draconian annihilator (D)
  2 angels (D)
  A draconian shifter (D)
  A war gargoyle (D)
  2 spriggan defenders (D)
  A vampire knight (D)
  An ettin (D)
  A black draconian (D)
  A green draconian (D)
  A dire elephant (D)
  3 deep elf demonologists (D)
  2 red draconians (D)
  2 deep elf death magi (D)
  2 mummy priests (D)
  2 death oozes (D)
  2 blizzard demons (D)
  2 merfolk impalers (D)
  An ice dragon (D)
  2 deep elf high priests (D)
  3 vault guards (D)
  4 naga warriors (D)
  A spriggan air mage (D)
  A merfolk avatar (D)
  3 hell beasts (D)
  A large abomination (D)
  An alligator snapping turtle (D)
  An iron elemental (D)
  A centaur warrior (D)
  A two-headed ogre (D)
  A dancing weapon (D)
  2 ogre magi (D)
  A naga sharpshooter (D)
  A soul eater (D)
  5 hell knights (D)
  A sixfirhy (D)
  A fire crab (D)
  2 spriggan druids (D)
  13 orc knights (D)
  A wizard (D)
  2 necromancers (D)
  An ugly thing (D)
  A cyclops (D)
  An orc sorcerer (D)
  A manticore (D)
  A salamander (D)
  A guardian serpent (D)
  2 elephants (D)
  A naga mage (D)
  An orange demon (D)
  A molten gargoyle (D)
  2 komodo dragons (D)
  2 hellwings (D)
  A guardian mummy (D)
  7 merfolk (D)
  A hornet (D)
  A blink frog (D)
  A spriggan (D)
  2 snapping turtles (D)
  2 redbacks (D)
  A golden eye (D)
  4 vampire mosquitoes (D)
  A neqoxec (D)
  A soldier ant (D)
  Edmund (D)
  6 nagas (D)
  2 eyes of draining (D)
  A big kobold (D)
  An earth elemental (D)
  An orc wizard (D)
  An ooze (D)
  2 orcs (D)
189 creatures vanquished.

Grand Total: 342 creatures vanquished

Notes
Turn   | Place    | Note
-------+----------+-------------------------------------------
     0 | D        | equalderp2856 the Felid Fighter began the quest for the Orb.
     0 | D        | Reached XP level 1. HP: 10/10 MP: 2/2
    11 | D        | Noticed a floating eye
    15 | D        | Killed a floating eye
    15 | D        | Reached skill level 5 in Fighting
    15 | D        | Reached skill level 8 in Unarmed Combat
    15 | D        | Reached XP level 2. HP: 16/16 MP: 3/3
    15 | D        | Reached XP level 3. HP: 19/19 MP: 4/4
    15 | D        | Reached XP level 4. HP: 23/23 MP: 5/5
    20 | D        | Found a bloodstained altar of Trog.
    20 | D        | Found a deep blue altar of Sif Muna.
    20 | D        | Found a viscous altar of Jiyva.
    20 | D        | Found a hazy altar of Hepliaklqana.
    20 | D        | Found an opulent altar of Gozag.
    21 | D        | Found a glowing golden altar of the Shining One.
    21 | D        | Found a glowing silver altar of Zin.
    21 | D        | Found a basalt altar of Yredelemnul.
    21 | D        | Found a shimmering altar of Xom.
    21 | D        | Found a sacrificial altar of Ru.
    21 | D        | Found a stormy altar of Qazlal.
    21 | D        | Found an iron altar of Okawaru.
    21 | D        | Found a sparkling altar of Nemelex Xobeh.
    21 | D        | Found a burning altar of Makhleb.
    21 | D        | Found a blossoming altar of Fedhas.
    21 | D        | Found a white marble altar of Elyvilon.
    21 | D        | Found a shadowy altar of Dithmenos.
    21 | D        | Found a snail-covered altar of Cheibriados.
    24 | D        | Found a corrupted altar of Lugonu.
    24 | D        | Found a radiant altar of Vehumet.
    24 | D        | Found a roughly hewn altar of Beogh.
    25 | D        | Found an ancient bone altar of Kikubaaqudgha.
    25 | D        | Found a hide-covered altar of Uskayaw.
    25 | D        | Found a shattered altar of Ashenzari.
    28 | D        | Became a worshipper of Gozag Ym Sagoz the Greedy
    76 | D        | Noticed a floating eye
    79 | D        | Killed a floating eye
    79 | D        | Reached skill level 1 in Stealth
    79 | D        | Reached skill level 9 in Unarmed Combat
    79 | D        | Reached XP level 5. HP: 27/27 MP: 6/6
   100 | D        | Noticed a floating eye
   107 | D        | Paralysed by a floating eye for 2 turns
   113 | D        | Paralysed by a floating eye for 4 turns
   119 | D        | Killed a floating eye
   119 | D        | Reached skill level 10 in Unarmed Combat
   119 | D        | Gained mutation: You are covered in thick fur. (AC +2) [Felid growth]
   119 | D        | Reached XP level 6. HP: 26/31 MP: 7/7
   137 | D        | Reached skill level 11 in Unarmed Combat
   252 | D        | Noticed a deep elf mage
   289 | D        | Killed a deep elf mage
   289 | D        | Reached skill level 10 in Dodging
   289 | D        | Reached skill level 13 in Unarmed Combat
   289 | D        | Reached XP level 7. HP: 37/37 MP: 8/8
   305 | D        | Noticed a redback
   307 | D        | Killed a redback
   307 | D        | Reached XP level 8. HP: 40/40 MP: 9/9
   319 | D        | Reached skill level 14 in Unarmed Combat
   393 | D        | Reached skill level 5 in Stealth
   425 | D        | Reached skill level 15 in Unarmed Combat
   601 | D        | Noticed a freezing wraith
   604 | D        | Reached XP level 9. HP: 45/45 MP: 10/10
   648 | D        | Reached skill level 16 in Unarmed Combat
   767 | D        | Noticed a cyclops
   816 | D        | Noticed a lindwurm
   817 | D        | Noticed a death yak
  1142 | D        | Killed a freezing wraith
  1247 | D        | Noticed an unseen horror
  1247 | D        | Noticed a jumping spider
  1250 | D        | Killed an unseen horror
  1250 | D        | Reached skill level 10 in Stealth
  1250 | D        | Reached skill level 17 in Unarmed Combat
  1254 | D        | Killed a jumping spider
  1264 | D        | Noticed a spriggan druid
  1264 | D        | Noticed a demonic crawler
  1272 | D        | Noticed Edmund
  1324 | D        | Killed a death yak
  1324 | D        | Reached XP level 10. HP: 49/49 MP: 11/11
  1384 | D        | Noticed a lindwurm
  1405 | D        | Noticed a dire elephant
  1412 | D        | Killed a spriggan druid
  1412 | D        | Reached skill level 18 in Unarmed Combat
  1564 | D        | Noticed an orc high priest
  1622 | D        | Killed an orc high priest
  1839 | D        | Noticed an alligator snapping turtle
  1923 | D        | Noticed an orc knight
  1975 | D        | Killed an orc knight
  1975 | D        | Reached skill level 19 in Unarmed Combat
  1991 | D        | Noticed Rupert
  1993 | D        | Noticed a two-headed ogre
  2001 | D        | Killed a two-headed ogre
  2002 | D        | Killed Edmund
  2051 | D        | Noticed a manticore
  2052 | D        | Noticed a naga warrior
  2073 | D        | Noticed an orc knight
  2073 | D        | Noticed an orc knight
  2073 | D        | Noticed an orc knight
  2073 | D        | Noticed an orc knight
  2074 | D        | Noticed an orc knight
  2074 | D        | Noticed an orc warlord
  2074 | D        | Noticed an orc warlord
  2074 | D        | Noticed an orc knight
  2075 | D        | Noticed an orc knight
  2075 | D        | Noticed a catoblepas
  2075 | D        | Noticed a naga warrior
  2075 | D        | Noticed an orc knight
  2075 | D        | Noticed an orc knight
  2075 | D        | Noticed an orc knight
  2075 | D        | Noticed an orc knight
  2075 | D        | Noticed a naga warrior
  2076 | D        | Noticed an orc knight
  2077 | D        | Noticed a vault guard
  2077 | D        | Killed an orc knight
  2078 | D        | Killed an orc knight
  2081 | D        | Killed an orc knight
  2083 | D        | Killed an orc knight
  2088 | D        | Killed a naga warrior
  2097 | D        | Killed an orc knight
  2098 | D        | Killed Rupert
  2099 | D        | Killed a vault guard
  2099 | D        | Killed a naga warrior
  2103 | D        | Noticed an orc knight
  2106 | D        | Killed a merfolk impaler
  2109 | D        | Killed an orc warlord
  2109 | D        | Killed an orc knight
  2110 | D        | Killed an orc knight
  2112 | D        | Killed an orc knight
  2136 | D        | Killed an orc warlord
  2137 | D        | Killed an orc knight
  2137 | D        | Killed a war gargoyle
  2145 | D        | Killed an orc knight
  2161 | D        | Noticed a molten gargoyle
  2170 | D        | Killed a lindwurm
  2181 | D        | Killed an orc knight
  2205 | D        | Noticed a vault guard
  2244 | D        | Killed an orc knight
  2244 | D        | Reached XP level 11. HP: 10/53 MP: 12/12
  2583 | D        | Noticed a naga warrior
  2596 | D        | Noticed an orc knight
  2602 | D        | Noticed Polyphemus
  2606 | D        | Noticed an alligator snapping turtle
  2614 | D        | Killed an alligator snapping turtle
  2627 | D        | Killed a vault guard
  2628 | D        | Killed an orc knight
  2639 | D        | Killed Polyphemus
  2643 | D        | Killed an alligator snapping turtle
  3555 | D        | Noticed a ghost moth
  3567 | D        | Killed a ghost moth
  3567 | D        | Reached skill level 20 in Unarmed Combat
  3863 | D        | Mangled by a naga warrior
  3864 | D        | Reached XP level 10. HP: -6/73 MP: 11/11
  3873 | D        | Killed a naga warrior
  3873 | D        | Reached skill level 15 in Stealth
  3894 | D        | Reached skill level 15 in Dodging
  4136 | D        | Noticed a deep elf annihilator
  4136 | D        | Noticed a green draconian scorcher
  4136 | D        | Noticed a yellow draconian
  4137 | D        | Noticed an ogre mage
  4137 | D        | Noticed a yellow draconian knight
  4138 | D        | Noticed a purple draconian monk
  4145 | D        | Killed an ogre mage
  4156 | D        | Noticed Frances
  4159 | D        | Noticed a deep elf sorcerer
  4161 | D        | Noticed a nagaraja
  4162 | D        | Killed a black draconian
  4163 | D        | Noticed a deep elf death mage
  4163 | D        | Noticed a spriggan air mage
  4164 | D        | Noticed a sphinx
  4164 | D        | Noticed a merfolk avatar
  4164 | D        | Noticed an ogre mage
  4165 | D        | Noticed a lich
  4165 | D        | Noticed a deep elf sorcerer
  4165 | D        | Noticed a yellow draconian stormcaller
  4167 | D        | Noticed a wizard
  4171 | D        | Killed a spriggan air mage
  4171 | D        | Killed a deep elf sorcerer
  4172 | D        | Killed a deep elf demonologist
  4174 | D        | Killed a nagaraja
  4176 | D        | Killed an ogre mage
  4177 | D        | Killed a runed war axe
  4181 | D        | Killed a yellow draconian stormcaller
  4182 | D        | Killed a naga mage
  4187 | D        | Killed a green draconian scorcher
  4189 | D        | Killed a nagaraja
  4201 | D        | Killed a frost giant
  4461 | D        | Got the amulet "Argha" {Spirit rC+}
  4463 | D        | Got the amulet "Teip" {+Rage rN+}
  4465 | D        | Got the amulet "Vyojuts" {Reflect *Slow MR+ Int+3 SH+6}
  4467 | D        | Got the ring of Monotheism {+Fly rPois rF+++ rC- SInv}
  4469 | D        | Got the ring of the Burgomaster {+Blink Str+6 Int-4 Slay+4 Stlth+}
  4471 | D        | Got the ring of Zubbamuli {Ice rN+ Int+3}
  4473 | D        | Got the ring of Ushak {rF+ Str-5 Dex+3}
  4475 | D        | Got the amulet "Favabuih" {Faith *Drain rElec Int+3}
  4477 | D        | Got the ring "Ymeoxkim" {rElec MR+++ MP+9 Slay+5}
  4480 | D        | Got the amulet "Dosips" {Fragile Regen+ Dex+7}
  4482 | D        | Got the ring "Imaov" {*Slow rPois rF+ Str+3}
  4485 | D        | Got the ring of Pira {*Slow rPois AC+6 Str+5}
  4487 | D        | Got the ring "Fuhon" {rElec rPois rC+ Dex+3}
  4489 | D        | Got the ring of Iddodd {rPois rF- MR+++ Str+6 Dex-3}
  4491 | D        | Got the amulet of the Duchess {Spirit rElec rPois rF+}
  4493 | D        | Got the amulet of the Scarab {Faith rPois}
  4495 | D        | Got the amulet "Loixim" {*Corrode +Rage rF+ Str+4}
  4497 | D        | Got the ring of the Traitor {MP+9 Int+4 Stlth-}
  4499 | D        | Got the ring "Qakkest" {Int+4 SInv}
  4501 | D        | Got the ring of Sueneat {Str+3 SInv}
  4503 | D        | Got the amulet "Futzus" {Spirit rPois Stlth+}
  4505 | D        | Got the amulet "Womant" {+Rage rPois Dex+4}
  4507 | D        | Got the ring "Qeukead" {Str+6 Dex+3}
  4509 | D        | Got the ring "Fycsair" {Ice Int-3 Dex+5}
  4511 | D        | Got the ring "Dicesso" {rPois rF+++ rC+ Str-3 Stlth+}
  4582 | D        | Identified the Volume of Dusty Execration (You found it in the Dungeon)
  4606 | D        | Identified Qatietzos's Tome of Vitriolic Black Arts (You found it in the Dungeon)
  4608 | D        | Identified Lour's Handbook of Moulding and Poison (You found it in the Dungeon)
  4610 | D        | Identified the Almanac of Activism (You found it in the Dungeon)
  4831 | D        | Killed a catoblepas
  4845 | D        | Noticed a nagaraja
  4845 | D        | Noticed an ice dragon
  4845 | D        | Noticed a dire elephant
  4845 | D        | Noticed an angel
  4845 | D        | Noticed a guardian serpent
  4845 | D        | Noticed a red ugly thing
  4845 | D        | Noticed a merfolk avatar
  4848 | D        | Killed a red ugly thing
  4850 | D        | Killed an ice dragon
  4858 | D        | Killed a dire elephant
  4858 | D        | Reached skill level 21 in Unarmed Combat
  4873 | D        | Identified the Grimoire of Unholy Enhancements (You found it in the Dungeon)
  4938 | D        | Noticed a centaur warrior
  4940 | D        | Reached XP level 11. HP: 35/54 MP: 12/12
  4942 | D        | Killed a centaur warrior
  4945 | D        | Noticed a phantasmal warrior
  4946 | D        | Killed a phantasmal warrior
  4957 | D        | Noticed a wizard
  4964 | D        | Killed a wizard
  4997 | D        | Noticed Aizul
  5015 | D        | Noticed a ghost moth
  5019 | D        | Killed Aizul
  5059 | D        | Noticed a death knight
  5077 | D        | Killed a death knight
  5121 | D        | Killed a dire elephant
  5183 | D        | Killed an angel
  5190 | D        | Noticed a death yak
  5209 | D        | Identified the +5 trident "Ocivuj" {pierce, rElec rF+ Dex+2}
  5214 | D        | Killed a death yak
  5309 | D        | Killed a ghost moth
  5455 | D        | Killed a wizard
  5470 | D        | Killed a deep elf annihilator
  5758 | D        | Noticed an ancient lich
  5762 | D        | Noticed a pearl dragon
  5764 | D        | Killed a pearl dragon
  5764 | D        | Reached skill level 10 in Fighting
  5764 | D        | Reached skill level 22 in Unarmed Combat
  5767 | D        | Noticed an orb of fire
  5770 | D        | Noticed a pearl dragon
  5772 | D        | Killed a pearl dragon
  5775 | D        | Noticed a greater mummy
  5781 | D        | Noticed a mana viper
  5786 | D        | Killed a greater mummy
  5866 | D        | Killed a yellow draconian
  6011 | D        | Noticed a green ugly thing
  6013 | D        | Killed a green ugly thing
  6013 | D        | Gained mutation: Your thick and shaggy fur keeps you warm. (AC +3, rC+) [Felid growth]
  6013 | D        | Reached XP level 12. HP: 58/58 MP: 13/13
  6016 | D        | Noticed a shadow dragon
  6016 | D        | Noticed a green death
  6016 | D        | Noticed a deep elf annihilator
  6016 | D        | Noticed a merfolk aquamancer
  6022 | D        | Killed a merfolk aquamancer
  6024 | D        | Killed a deep elf annihilator
  6024 | D        | Reached skill level 23 in Unarmed Combat
  6025 | D        | Killed a green death
  6029 | D        | Killed a shadow dragon
  6058 | D        | Noticed a balrug
  6060 | D        | Killed a balrug
  6064 | D        | Noticed Dispater
  6068 | D        | Noticed a Brimstone Fiend
  6070 | D        | Noticed a Hell Sentinel
  6070 | D        | Killed from afar by a Hell Sentinel
  6071 | D        | Reached XP level 11. HP: -8/54 MP: 12/12
  6079 | D        | HP: 2/54 [Hell Sentinel/iron shot[Dispater] (52)]
  6085 | D        | Your ally died
  6090 | D        | Killed a naga warrior
  6093 | D        | Killed a sphinx
  6354 | D        | Noticed a pearl dragon
  6398 | D        | Killed Gastronok
  6408 | D        | Noticed Frederick
  6409 | D        | Noticed a nagaraja
  6409 | D        | Noticed a deep elf blademaster
  6410 | D        | Noticed Louise
  6410 | D        | Noticed a mummy priest
  6410 | D        | Noticed a spriggan defender
  6411 | D        | Noticed a spriggan druid
  6411 | D        | Noticed a tentacled monstrosity
  6412 | D        | Killed a mummy priest
  6413 | D        | Killed a spriggan druid
  6414 | D        | Killed an orc sorcerer
  6414 | D        | Killed a deep elf high priest
  6420 | D        | Noticed an azure jelly
  6420 | D        | Noticed a deep elf demonologist
  6421 | D        | Noticed a black draconian annihilator
  6425 | D        | Noticed an angel
  6427 | D        | Killed an orc knight
  6429 | D        | Noticed a death ooze
  6438 | D        | Killed a death ooze
  6440 | D        | Killed a deep elf demonologist
  6441 | D        | Killed an azure jelly
  6449 | D        | Killed a sixfirhy
  6452 | D        | Killed a deep elf blademaster
  6456 | D        | Noticed a deep elf blademaster
  6457 | D        | Noticed a cacodemon
  6457 | D        | Noticed a deep elf death mage
  6458 | D        | Noticed a red draconian monk
  6458 | D        | Killed a seven-headed hydra
  6459 | D        | Noticed a balrug
  6460 | D        | Noticed a ghost moth
  6464 | D        | Noticed a hell knight
  6465 | D        | Noticed a hell beast
  6466 | D        | Killed a hell beast
  6475 | D        | Killed a ghost moth
  6481 | D        | Noticed a hell knight
  6481 | D        | Noticed a balrug
  6482 | D        | Noticed a hell knight
  6482 | D        | Noticed a necromancer
  6482 | D        | Noticed a hell beast
  6482 | D        | Killed a black draconian
  6483 | D        | Noticed Margery
  6483 | D        | Noticed a hell knight
  6483 | D        | Noticed an orb of fire
  6484 | D        | Noticed a hell beast
  6486 | D        | Killed a hell knight
  6486 | D        | Killed a balrug
  6488 | D        | Killed an iron dragon
  6488 | D        | Killed a necromancer
  6490 | D        | Killed a titan
  6490 | D        | Killed a hell knight
  6491 | D        | Killed a hell beast
  6492 | D        | Killed an acid blob
  6492 | D        | Killed a green death
  6494 | D        | Killed a deep elf sorcerer
  6494 | D        | Killed a hell knight
  6495 | D        | Killed Margery
  6496 | D        | Killed a hell knight
  6497 | D        | Killed a hell beast
  6497 | D        | Killed a green draconian
  6499 | D        | Killed a deep elf blademaster
  6502 | D        | Killed a red draconian
  6503 | D        | Killed a hell knight
  6505 | D        | Noticed a hell knight
  6506 | D        | Noticed Boris
  6506 | D        | Noticed an ettin
  6507 | D        | Noticed a soul eater
  6507 | D        | Noticed a deep elf high priest
  6511 | D        | Killed a soul eater
  6513 | D        | Noticed a small abomination
  6518 | D        | Banished a tentacled monstrosity
  6534 | D        | Killed a large abomination
  6538 | D        | Killed Louise
  6759 | D        | Noticed Mitihac the pandemonium lord
  6785 | D        | Killed an iron elemental
  6790 | D        | Killed a balrug
  6795 | D        | Killed an ice dragon
  6801 | D        | Killed Mitihac the pandemonium lord
  6829 | D        | Killed a tentacled monstrosity
  6884 | D        | Noticed a black draconian
  6956 | D        | Noticed a naga warrior
  6956 | D        | Noticed a spriggan druid
  6958 | D        | Noticed a merfolk impaler
  6958 | D        | Noticed a naga sharpshooter
  6960 | D        | Noticed a deep elf mage
  6967 | D        | Killed a spriggan druid
  6971 | D        | Killed a naga warrior
  6982 | D        | Killed a naga sharpshooter
  6988 | D        | Noticed a vampire knight
  7048 | D        | Killed a merfolk impaler
  7154 | D        | Killed a vampire knight
  7276 | D        | Killed a yellow draconian knight
  7305 | D        | Noticed a deep elf death mage
  7305 | D        | Noticed a red draconian monk
  7305 | D        | Noticed a fire giant
  7305 | D        | Noticed a catoblepas
  7310 | D        | Killed a catoblepas
  7310 | D        | Reached skill level 24 in Unarmed Combat
  7310 | D        | Killed a deep elf high priest
  7332 | D        | Killed Frederick
  7334 | D        | Killed a deep elf death mage
  7351 | D        | Killed a quicksilver dragon
  7366 | D        | Killed a blizzard demon
  7371 | D        | Killed a spriggan defender
  7380 | D        | Killed a red draconian
  7383 | D        | Killed a red draconian monk
  7416 | D        | Killed a yellow draconian shifter
  7442 | D        | Killed a fire crab
  7489 | D        | Killed a deep elf demonologist
  7527 | D        | Killed a deep elf high priest
  7542 | D        | Killed Donald
  7549 | D        | Killed a blizzard demon
  7558 | D        | Killed Boris
  7608 | D        | Noticed an Orb Guardian
  7608 | D        | Noticed an Orb Guardian
  7608 | D        | Noticed an Orb Guardian
  7608 | D        | Noticed an Orb Guardian
  7609 | D        | Noticed a necromancer
  7609 | D        | Noticed a Killer Klown
  7609 | D        | Noticed a mummy priest
  7610 | D        | Noticed the Royal Jelly
  7610 | D        | Noticed an azure jelly
  7610 | D        | Killed an Orb Guardian
  7611 | D        | Noticed a golden dragon
  7614 | D        | Noticed an orb of fire
  7614 | D        | Killed an azure jelly
  7615 | D        | Noticed an acid blob
  7615 | D        | Noticed an acid blob
  7618 | D        | Noticed an acid blob
  7618 | D        | Noticed an acid blob
  7618 | D        | Noticed an azure jelly
  7618 | D        | Noticed an acid blob
  7618 | D        | Noticed an acid blob
  7618 | D        | Noticed an acid blob
  7618 | D        | Noticed a death ooze
  7620 | D        | Killed a golden dragon
  7620 | D        | Killed a death ooze
  7620 | D        | Killed a mummy priest
  7623 | D        | Killed an acid blob
  7623 | D        | Killed a Killer Klown
  7623 | D        | Killed a necromancer
  7623 | D        | Killed an acid blob
  7624 | D        | Killed an ettin
  7624 | D        | Killed an acid blob
  7625 | D        | Killed an Orb Guardian
  7626 | D        | Killed an Orb Guardian
  7626 | D        | Killed an Orb Guardian
  7672 | D        | Banished an acid blob
  7674 | D        | Killed a hell knight
  7707 | D        | Noticed a lich
  7781 | D        | Killed a lich
  7855 | D        | Killed a deep elf death mage
  7864 | D        | Killed a vault guard
  7904 | D        | Noticed a deep elf master archer
  7925 | D        | Noticed a Brimstone Fiend
  7928 | D        | Noticed Dissolution
  7931 | D        | Noticed a tentacled monstrosity
  7934 | D        | Noticed a death drake
  7936 | D        | Killed a death drake
  7939 | D        | Noticed an orb of fire
  7942 | D        | Noticed an Executioner
  7955 | D        | Killed a deep elf master archer
  7969 | D        | Noticed an iron dragon
  7975 | D        | Killed an iron dragon
  8001 | D        | Killed a Brimstone Fiend
  8214 | D        | Noticed a lich
  8218 | D        | Noticed a purple draconian
  8230 | D        | Noticed a greater mummy
  8235 | D        | Noticed a blizzard demon
  8235 | D        | Killed a lich
  8236 | D        | Killed a greater mummy
  8236 | D        | Reached XP level 12. HP: 58/58 MP: 13/13
  8237 | D        | Killed a purple draconian
  8237 | D        | Killed a black draconian
  8241 | D        | Noticed a pearl dragon
  8244 | D        | Noticed a lorocyproca
  8249 | D        | Killed a pearl dragon
  8261 | D        | Noticed a lich
  8263 | D        | Noticed a cacodemon
  8330 | D        | Killed from afar by an acid blob
  8331 | D        | Reached XP level 11. HP: -3/55 MP: 12/12
  8341 | D        | Splashed by an acid blob's acid

Skill      XL: |  1  2  3  4  5  6  7  8  9 10 11 12 |
---------------+-------------------------------------+-----
Fighting       | 5 6 8 9 10 | 10.6
Dodging        | 6 7 8 10 11 12 15 18 | 18.6
Unarmed Combat | 8 9 10 13 15 17 21 24 23 | 24.4
Stealth        | 1 3 4 7 12 15 19 20 | 20.1

Action                   |  1- 3 |  4- 6 |  7- 9 | 10-12 || total
-------------------------+-------+-------+-------+-------++-------
Melee: Unarmed           |     3 |    31 |    88 |   193 ||   315
       Bite              |       |     6 |    11 |    32 ||    49
       Punch             |       |     2 |     5 |    16 ||    23
Invok: Potion Petition   |       |       |     1 |     1 ||     2
       Bribe Branch      |       |       |       |     5 ||     5
  Use: Potion            |       |     3 |     4 |    16 ||    23
       Scroll            |       |       |       |     2 ||     2
 Stab: Sleeping          |       |     2 |     8 |     6 ||    16
       Distracted        |       |       |       |     5 ||     5
  Eat: Meat ration       |       |       |       |     1 ||     1
       Royal jelly       |       |       |       |     1 ||     1
Armor: Skin              |       |     4 |     2 |     3 ||     9
Dodge: Dodged            |       |    30 |    63 |   184 ||   277
